[Event "Titled Tuesday Blitz February 28 Early 2023"]
[White "Bas Mas, Jose Joaquin"]
[Black "Alex_Sahakyan2006"]
[WhiteFideId "22219064"]
[WhiteElo "2233"]
[BlackElo "2645"]
[Result "0-1"]
[Round "03"]
[TimeControl "180+2"]
[Date "2023.02.28"]
[WhiteClock "0:00:03"]
[BlackClock "0:00:31"]

1. e4 d5 2. exd5 Qxd5 3. Nc3 Qd8 4. d4 Nf6 5. Nge2 c6 6. h3 Bf5 7. g4 Bg6 8. Bg2 e6 9. O-O Bd6 10. f4 Nbd7 11. Be3 Qc7 12. b4 Bxb4 13. Rb1 Bd6 14. Qd2 h5 15. f5 exf5 16. gxf5 Bh7 17. d5 O-O 18. dxc6 bxc6 19. Kh1 Nb6 20. Bg5 Be5 21. Rb3 Rad8 22. Qe1 Qd7 23. Qh4 Bxf5 24. Ng3 Bg6 25. Bxf6 Bxf6 26. Rxf6 gxf6 27. Nxh5 Qf5 28. Nxf6+ Kg7 29. Nce4 Rh8 30. Qg3 Nd5 31. Rf3 Qe6 32. Nxd5 Rxd5 33. Ng5 Qe5 34. Rxf7+ Bxf7 35. Ne6+ Kf6 36. Qg7+ Kxe6 37. Bxd5+ Qxd5+ 0-1


[Site "https://www.chess.com"]

[Event "Titled Tuesday Blitz February 28 Early 2023"]
[White "Trent, Lawrence"]
[Black "Cabezas Solano, David Alejandro"]
[WhiteFideId "408638"]
[BlackFideId "6507522"]
[WhiteElo "2458"]
[BlackElo "2030"]
[Result "1-0"]
[Round "03"]
[TimeControl "180+2"]
[Date "2023.02.28"]
[WhiteClock "0:01:22"]
[BlackClock "0:00:16"]

1. Nc3 d5 2. d4 Nf6 3. Bf4 e6 4. e3 Be7 5. Bd3 O-O 6. Nf3 c5 7. dxc5 Bxc5 8. O-O Nc6 9. e4 dxe4 10. Nxe4 Be7 11. a3 h6 12. Qe2 Nd5 13. Bd2 Re8 14. Rad1 Qc7 15. g3 b6 16. Rfe1 Bb7 17. c4 Nf6 18. Nxf6+ Bxf6 19. Qe4 g6 20. Qg4 Bg7 21. Bf4 e5 22. Bc1 Bc8 23. Qe4 Bf5 24. Qh4 g5 25. Bxg5 Bxd3 26. Rxd3 e4 27. Rxe4 Rxe4 28. Qxe4 hxg5 29. Nxg5 Rd8 30. Rf3 Qe7 31. Qh7+ Kf8 32. Rxf7+ Qxf7 33. Nxf7 Kxf7 34. b4 Ne5 35. Qf5+ Ke7 36. c5 bxc5 37. bxc5 Rd1+ 38. Kg2 Rc1 39. Qg5+ 1-0


[Site "https://www.chess.com"]

[Event "Titled Tuesday Blitz February 28 Early 2023"]
[White "Abdilkhair, Abilmansur"]
[Black "Atakhan, Abtin"]
[WhiteFideId "13716417"]
[BlackFideId "22502203"]
[WhiteElo "2216"]
[BlackElo "2189"]
[Result "1/2-1/2"]
[Round "03"]
[TimeControl "180+2"]
[Date "2023.02.28"]
[WhiteClock "0:00:03"]
[BlackClock "0:00:04"]

1. d4 Nf6 2. c4 e6 3. Nc3 Bb4 4. Bg5 h6 5. Bh4 c5 6. Nf3 g5 7. Bg3 Ne4 8. Qc2 d5 9. e3 Nc6 10. Bd3 Qa5 11. O-O Nxg3 12. fxg3 cxd4 13. exd4 O-O 14. c5 g4 15. Bh7+ Kg7 16. Nh4 f5 17. Bxf5 exf5 18. Nxd5 Nxd4 19. Qd3 Bxc5 20. Kh1 Be6 21. b4 Qb5 22. Qxb5 Nxb5 23. Nf4 Bd7 24. bxc5 Rac8 25. Nhg6 Rfe8 26. Rad1 Rc7 27. Rfe1 Rxe1+ 28. Rxe1 Bc8 29. Ne5 Rxc5 30. h3 gxh3 31. gxh3 Rc7 32. h4 Nd6 33. Nh5+ Kf8 34. Ng6+ Kf7 35. Ne5+ Kf8 36. Nf6 Ne4 37. Nd5 Rc5 38. Ng6+ Kg7 39. Ngf4 Nxg3+ 40. Kg2 Ne4 41. Rg1 Rc2+ 42. Kf3+ Kf7 43. Rg6 Rf2+ 44. Ke3 Rxa2 45. Rxh6 Ra3+ 46. Kd4 Bd7 47. Ke5 Bc6 48. Rh7+ Kg8 49. Nf6+ Nxf6 50. Re7 Ng4+ 51. Kxf5 Nh6+ 52. Kg6 Ra6 53. Kxh6 Kf8 54. Rc7 Be8+ 55. Kg5 Ra5+ 56. Kg4 Rb5 57. h5 Rb6 58. h6 Rxh6 59. Rxb7 Rc6 60. Rxa7 Rd6 61. Kg5 Rd7 62. Ne6+ Ke7 63. Rxd7+ Bxd7 1/2-1/2


[Site "https://www.chess.com"]

[Event "Titled Tuesday Blitz February 28 Early 2023"]
[White "Kowalczyk, Pawel"]
[Black "Buchenau, Frank"]
[WhiteFideId "1130641"]
[BlackFideId "4604350"]
[WhiteElo "2324"]
[BlackElo "2157"]
[Result "1-0"]
[Round "03"]
[TimeControl "180+2"]
[Date "2023.02.28"]
[WhiteClock "0:01:15"]
[BlackClock "0:00:05"]

1. e4 e6 2. d4 d5 3. Nd2 c5 4. exd5 Qxd5 5. Ngf3 cxd4 6. Bc4 Qd6 7. O-O Nf6 8. Nb3 Nc6 9. Nbxd4 Nxd4 10. Nxd4 a6 11. c3 Qc7 12. Bb3 Bd6 13. h3 h6 14. Qf3 O-O 15. Bxh6 gxh6 16. Qxf6 Bf4 17. Rfe1 Bg5 18. Qf3 b5 19. Qxa8 Bb7 20. Qxf8+ Kxf8 21. Bxe6 Bf6 22. Bg4 Bxd4 23. cxd4 Qc2 24. Re2 Qg6 25. Re3 Qc2 26. b3 Qd2 27. Rd1 Qxa2 28. d5 a5 29. d6 Bc6 30. d7 Bxd7 31. Rxd7 a4 32. bxa4 bxa4 33. Ree7 a3 34. Bf3 Qb1+ 35. Kh2 a2 36. Rxf7+ Kg8 37. Bd5 Qb8+ 38. g3 a1=Q 39. Rh7+ Kf8 40. Rdf7+ Ke8 41. Bc6+ Kd8 42. Rf8# 1-0


[Site "https://www.chess.com"]

[Event "Titled Tuesday Blitz February 28 Early 2023"]
[White "Goltseva, Ekaterina"]
[Black "Kononenko, Dmitry"]
[WhiteFideId "24173770"]
[BlackFideId "14113538"]
[WhiteElo "2200"]
[BlackElo "2206"]
[Result "1-0"]
[Round "03"]
[TimeControl "180+2"]
[Date "2023.02.28"]
[WhiteClock "0:00:07"]
[BlackClock "0:00:04"]

1. Nf3 c5 2. c4 Nc6 3. Nc3 g6 4. g3 Bg7 5. Bg2 d6 6. O-O Bf5 7. e4 Bd7 8. d3 Nf6 9. Be3 O-O 10. Ne1 Rb8 11. f4 Ng4 12. Nc2 Nxe3 13. Nxe3 a6 14. Kh1 b5 15. Rb1 bxc4 16. Nxc4 Nd4 17. Nd5 Bc6 18. f5 Bxd5 19. exd5 Nxf5 20. b3 h5 21. Rxf5 gxf5 22. Qxh5 e6 23. Re1 Re8 24. Rf1 Rb4 25. g4 Rxc4 26. dxc4 Qf6 27. dxe6 Rxe6 28. gxf5 Re3 29. Bd5 Kf8 30. Rg1 Re5 31. Rf1 Ke7 32. Qg4 Bh6 33. Qf3 Re3 34. Qg4 Bg5 35. Qh5 Re5 36. Qg4 Bd2 37. Be4 Bc3 38. Rd1 Bd4 39. Rf1 Kf8 40. h4 Ke7 41. h5 Kd7 42. Qf4 Kc7 43. h6 Re8 44. Rf3 Be5 45. Qd2 Rh8 46. Rh3 Bd4 47. Qf4 Rg8 48. Bg2 Re8 49. Qh4 Qh8 50. h7 Re2 51. Bf3 Rxa2 52. Qe7+ Kc8 53. Qb7+ Kd8 54. Qb8+ Ke7 55. Qc7+ Kf6 56. Qxd6+ Kxf5 57. Qd5+ Kf6 58. Rh5 Ra1+ 59. Kh2 Bg1+ 60. Kg2 Qg7+ 61. Kh3 Bd4 62. Qf5+ Ke7 63. Qe4+ Kf8 64. h8=Q+ Qxh8 65. Rxh8+ Bxh8 66. Qh4 Kg7 67. Qg5+ Kf8 68. Qxc5+ Kg8 69. Qc6 Rd1 70. c5 Rd8 71. Qe4 Bf6 72. c6 Rc8 73. Qc4 Kf8 74. Qxa6 Rc7 75. Qb6 Be5 76. b4 Ke7 77. b5 f5 78. Qc5+ Kf6 79. b6 Rg7 80. c7 Rg3+ 81. Kh4 Rxf3 82. Qxe5+ Kxe5 83. c8=Q Rf4+ 84. Kg5 Rg4+ 85. Kh6 Kf4 86. Qc4+ Kg3 87. Qc3+ Kh4 88. b7 f4 89. b8=Q Rg3 90. Qd8+ Kh3 91. Qe1 f3 92. Qf2 Kg4 93. Qd7+ Kh4 94. Qe7+ Kh3 95. Qe6+ Kh4 96. Qf6+ Kg4 97. Qg6+ Kf4 98. Qgxg3+ Ke4 99. Qgxf3+ 1-0


[Site "https://www.chess.com"]

[Event "Titled Tuesday Blitz February 28 Early 2023"]
[White "Weetik, Vjacheslav"]
[Black "Mortazavi, Ali"]
[WhiteFideId "4153472"]
[BlackFideId "401323"]
[WhiteElo "2469"]
[BlackElo "2339"]
[Result "1-0"]
[Round "03"]
[TimeControl "180+2"]
[Date "2023.02.28"]
[WhiteClock "0:00:15"]
[BlackClock "0:00:22"]

1. d4 Nf6 2. c4 g6 3. g3 Bg7 4. Bg2 O-O 5. Nc3 d6 6. Nf3 Nbd7 7. O-O e5 8. e4 c6 9. h3 Qa5 10. d5 cxd5 11. cxd5 Nc5 12. Ne1 b5 13. Nd3 Nxd3 14. Qxd3 b4 15. Qb5 Qxb5 16. Nxb5 Ba6 17. Nxd6 Rfd8 18. Nxf7 Kxf7 19. Re1 Rac8 20. Be3 Rc2 21. b3 Bd3 22. Bxa7 Ra8 23. Bb6 Ra6 24. Bd8 Bh6 25. f4 exf4 26. e5 Nh5 27. d6 Ke6 28. Bf3 fxg3 29. Rad1 Bf5 30. Bd5+ Kd7 31. e6+ Kxd8 32. e7+ Ke8 33. Bf7+ Kxf7 34. e8=Q+ Kf6 35. Qe7# 1-0


[Site "https://www.chess.com"]

[Event "Titled Tuesday Blitz February 28 Early 2023"]
[White "Guliev, Logman"]
[Black "Orlov, Georgi"]
[WhiteFideId "13400061"]
[BlackFideId "2011271"]
[WhiteElo "2161"]
[BlackElo "2636"]
[Result "0-1"]
[Round "03"]
[TimeControl "180+2"]
[Date "2023.02.28"]
[WhiteClock "0:00:02"]
[BlackClock "0:00:13"]

1. e4 c5 2. Nf3 e6 3. d4 cxd4 4. Nxd4 a6 5. Bd3 Bc5 6. Nb3 Ba7 7. Qe2 Nc6 8. Nc3 Nge7 9. Be3 Ng6 10. O-O-O Qc7 11. g3 O-O 12. f4 d6 13. h4 Nge7 14. h5 Bxe3+ 15. Qxe3 b5 16. g4 Bb7 17. g5 Nb4 18. g6 fxg6 19. hxg6 h6 20. f5 exf5 21. Rdg1 f4 22. Qd2 Rf6 23. Nd5 Nexd5 24. exd5 Nxd3+ 25. Qxd3 Qc4 26. Qh3 Bxd5 27. Rh2 f3 28. Rf2 Re8 29. Qd7 Qe4 30. Rd1 Bxb3 31. axb3 Qxg6 32. Kb1 Re2 33. Qc8+ Kh7 34. Rdf1 Qe4 35. Ka2 Rxf2 36. Rxf2 Qe3 37. Rf1 f2 38. Qh3 Qxh3 0-1


[Site "https://www.chess.com"]

[Event "Titled Tuesday Blitz February 28 Early 2023"]
[White "Kochetov, Andrey"]
[Black "Sadykov, Ramil"]
[WhiteFideId "24130532"]
[BlackFideId "24113590"]
[WhiteElo "2447"]
[BlackElo "2245"]
[Result "0-1"]
[Round "03"]
[TimeControl "180+2"]
[Date "2023.02.28"]
[WhiteClock "0:00:36"]
[BlackClock "0:00:53"]

1. e4 c5 2. Nf3 e6 3. d4 cxd4 4. Nxd4 Nc6 5. Nc3 Nf6 6. Nxc6 bxc6 7. e5 Nd5 8. Ne4 Qb6 9. Bd3 Nb4 10. Bc4 Qa5 11. O-O Qxe5 12. Ng3 h5 13. Re1 Qc5 14. b3 h4 15. Ne4 Qe5 16. Ba3 d5 17. Nc5 Qc3 18. Rc1 Bxc5 0-1


[Site "https://www.chess.com"]

[Event "Titled Tuesday Blitz February 28 Early 2023"]
[White "Skliarov, Viktor"]
[Black "Rosenberg, Evan S"]
[WhiteFideId "14106736"]
[BlackFideId "2019299"]
[WhiteElo "2284"]
[BlackElo "2446"]
[Result "1-0"]
[Round "03"]
[TimeControl "180+2"]
[Date "2023.02.28"]
[WhiteClock "0:00:10"]
[BlackClock "0:00:07"]

1. e4 e5 2. Nc3 Nf6 3. Bc4 Nc6 4. d3 Na5 5. Nge2 Bc5 6. Ng3 d6 7. h3 c6 8. O-O h6 9. Na4 b5 10. Nxc5 dxc5 11. Bb3 O-O 12. Be3 Qe7 13. Qf3 Rb8 14. c3 Nxb3 15. axb3 b4 16. c4 Rd8 17. Rfd1 Kh7 18. Ra5 Nd7 19. Nf5 Qf6 20. Rxa7 Rb7 21. Ra5 Nf8 22. Bxc5 g6 23. Bxf8 Rxf8 24. Ne3 Qxf3 25. gxf3 f6 26. h4 h5 27. Kf1 g5 28. hxg5 fxg5 29. Rxe5 Kg6 30. Ke2 Rbf7 31. Rg1 g4 32. Nc2 Rxf3 33. Rg2 h4 34. Ne1 h3 35. Rh2 Rxf2+ 36. Rxf2 g3 37. Rxf8 h2 38. Rh8 Bg4+ 39. Kf1 1-0


[Site "https://www.chess.com"]

[Event "Titled Tuesday Blitz February 28 Early 2023"]
[White "Issani, Nameer"]
[Black "Srebrnic, Marko"]
[WhiteFideId "2619130"]
[BlackFideId "14603616"]
[WhiteElo "2625"]
[BlackElo "2341"]
[Result "0-1"]
[Round "03"]
[TimeControl "180+2"]
[Date "2023.02.28"]
[WhiteClock "0:01:40"]
[BlackClock "0:00:48"]

1. d4 Nf6 2. c4 g6 3. Nc3 d6 4. e4 Nbd7 5. Nf3 c6 6. Be2 e5 7. O-O Bg7 8. d5 c5 9. a3 a5 10. Rb1 O-O 11. b4 axb4 12. axb4 b6 13. Ne1 Ne8 14. Nd3 f5 15. bxc5 Nxc5 16. Nxc5 bxc5 17. f3 Bf6 18. Bd2 Bg5 19. Be1 Be3+ 20. Kh1 Nf6 21. Bh4 g5 22. Bf2 Bxf2 23. Rxf2 fxe4 24. fxe4 Ra3 25. Nb5 Nxe4 26. Rxf8+ Qxf8 27. Qf1 Qxf1+ 28. Rxf1 Re3 29. Bf3 Nd2 30. Rc1 g4 31. Nxd6 gxf3 32. Nxc8 f2 33. d6 Re1+ 0-1


[Site "https://www.chess.com"]

[Event "Titled Tuesday Blitz February 28 Early 2023"]
[White "Ramirez Vido, Robert Yorisan"]
[Black "Jakubowski, Krzysztof"]
[WhiteFideId "3513823"]
[BlackFideId "1112848"]
[WhiteElo "2443"]
[BlackElo "2359"]
[Result "1-0"]
[Round "03"]
[TimeControl "180+2"]
[Date "2023.02.28"]
[WhiteClock "0:00:15"]
[BlackClock "0:00:02"]

1. f4 d5 2. Nf3 g6 3. g3 c6 4. Bg2 Qb6 5. d3 Bg7 6. c3 Nd7 7. e4 dxe4 8. dxe4 Nh6 9. Qe2 O-O 10. Be3 Qc7 11. e5 a5 12. a4 b6 13. Qf2 Ng4 14. Qd2 Rd8 15. Nd4 Nc5 16. Qe2 Nxe3 17. Qxe3 Ba6 18. Bf1 Bxf1 19. Kxf1 Qd7 20. Nd2 Ne6 21. N2f3 Nxd4 22. cxd4 c5 23. dxc5 bxc5 24. Kg2 Rab8 25. Qc3 e6 26. Rhd1 Qxd1 27. Rxd1 Rxd1 28. Ng5 Rb1 29. Qxc5 R1xb2+ 30. Kh3 h6 31. Ne4 Re2 32. Nf6+ Bxf6 33. exf6 h5 34. Qe7 Reb2 35. Qc7 R2b4 36. Qxa5 R4b7 37. Kh4 Kh7 38. Qg5 Rc7 39. g4 hxg4 40. Kxg4 1-0


[Site "https://www.chess.com"]

[Event "Titled Tuesday Blitz February 28 Early 2023"]
[White "Vlassov, Nikolai"]
[Black "Mazurkiewicz, Michal"]
[WhiteFideId "4103360"]
[BlackFideId "1124943"]
[WhiteElo "2324"]
[BlackElo "2054"]
[Result "1/2-1/2"]
[Round "03"]
[TimeControl "180+2"]
[Date "2023.02.28"]
[WhiteClock "0:00:11"]
[BlackClock "0:00:04"]

1. e4 d6 2. f4 g6 3. Nc3 Bg7 4. Nf3 c5 5. d3 Nc6 6. h3 e6 7. g4 Nge7 8. Bg2 O-O 9. O-O f5 10. Be3 Nd4 11. Qd2 Rb8 12. Nd1 b5 13. c3 Nxf3+ 14. Bxf3 b4 15. d4 bxc3 16. bxc3 cxd4 17. cxd4 Bb7 18. Nc3 Qa5 19. Rab1 Rfc8 20. Nd5 Qxd2 21. Nxe7+ Kf7 22. Bxd2 Kxe7 23. e5 Bxf3 24. Rxb8 Rxb8 25. Rxf3 Kd7 26. Ra3 Rb7 27. Ra6 Bf8 28. gxf5 gxf5 29. a3 Rb2 30. Bb4 Bh6 31. exd6 Bxf4 32. Rxa7+ Kc6 33. d7 Bg5 34. Ba5 Kd5 35. d8=Q+ Bxd8 36. Bxd8 Ke4 37. Bf6 Kf3 38. Rg7 Ra2 39. Be7 Rd2 40. Bc5 f4 41. h4 Rc2 42. Bb6 Ra2 43. Bc5 Rc2 44. Rg5 e5 45. Rxe5 Rc1+ 46. Kh2 Rc2+ 47. Kh3 Rc1 48. Kh2 Rc2+ 49. Kh1 Rc1+ 50. Kh2 1/2-1/2


[Site "https://www.chess.com"]

[Event "Titled Tuesday Blitz February 28 Early 2023"]
[White "Seemann, Jakub"]
[Black "Vedder, Richard"]
[WhiteFideId "21874697"]
[BlackFideId "1004166"]
[WhiteElo "2364"]
[BlackElo "2168"]
[Result "1/2-1/2"]
[Round "03"]
[TimeControl "180+2"]
[Date "2023.02.28"]
[WhiteClock "0:01:05"]
[BlackClock "0:01:09"]

1. b3 Nf6 2. Bb2 e6 3. f4 b6 4. Nf3 Bb7 5. e3 c5 6. Be2 d6 7. O-O Be7 8. d3 Nbd7 9. h3 O-O 10. Nbd2 a5 11. a4 d5 12. Ne5 Nxe5 13. Bxe5 Nd7 14. Bb2 Bf6 15. Bxf6 Qxf6 16. Nf3 e5 17. d4 exd4 18. exd4 Rfe8 19. Ne5 Qd6 20. c3 f6 21. Nxd7 Qxd7 22. Bb5 Bc6 23. dxc5 bxc5 24. Qd3 Rab8 25. Rad1 Bxb5 26. axb5 Qxb5 27. Qxd5+ Kh8 28. Rfe1 h6 29. Qf7 Rf8 30. Qg6 Rbd8 31. Rxd8 Rxd8 32. Re7 Rg8 33. Qf7 Qd3 34. Ra7 Qxc3 35. Qc4 Qe3+ 36. Kh2 Rb8 37. Rxa5 Qxb3 38. Rxc5 Qxc4 39. Rxc4 f5 40. Kg3 Kh7 41. Rc7 Rb2 42. Re7 Kg6 43. Re6+ Kf7 44. Rc6 g6 45. Rd6 Ra2 46. Kf3 Ra3+ 47. Kf2 Ra2+ 48. Kf3 Ra3+ 49. Ke2 Ra2+ 50. Kf3 1/2-1/2


[Site "https://www.chess.com"]

[Event "Titled Tuesday Blitz February 28 Early 2023"]
[White "Krstulovic, Alex"]
[Black "Carnicelli, Valerio"]
[WhiteFideId "760056"]
[BlackFideId "856185"]
[WhiteElo "2311"]
[BlackElo "2306"]
[Result "1-0"]
[Round "03"]
[TimeControl "180+2"]
[Date "2023.02.28"]
[WhiteClock "0:00:09"]
[BlackClock "0:00:04"]

1. Nf3 Nf6 2. g3 b6 3. Bg2 Bb7 4. O-O g6 5. c4 Bg7 6. d4 O-O 7. Qc2 d6 8. Nc3 Nbd7 9. d5 c6 10. Rd1 cxd5 11. cxd5 Rc8 12. Qb1 a6 13. a4 b5 14. axb5 axb5 15. e4 b4 16. Na4 Ng4 17. h3 Nge5 18. Nxe5 Nxe5 19. Be3 Nc4 20. Bd4 Bxd4 21. Rxd4 f5 22. exf5 Rxf5 23. h4 Qf8 24. Qe1 Ne5 25. f4 Rc2 26. Rc1 Rxc1 27. Qxc1 Ng4 28. Qc7 Ba6 29. Nb6 Nf6 30. Bh3 Rh5 31. Be6+ Kh8 32. Rxb4 Ne8 33. Qd8 Kg7 34. Nd7 Qh8 35. Qxe7+ Kh6 36. g4 Bd3 37. g5+ Rxg5+ 38. fxg5+ Kh5 39. Qxe8 Qg7 40. Qf8 Qxf8 41. Nxf8 h6 42. gxh6 Be4 43. Rd4 g5 44. hxg5 Bh7 45. g6 Bxg6 46. Nxg6 Kxh6 47. Ne7 Kg5 48. Rg4+ Kf6 49. Rf4+ Kg5 50. Rf1 Kh4 51. Bd7 Kg3 52. Nc6 1-0


[Site "https://www.chess.com"]

[Event "Titled Tuesday Blitz February 28 Early 2023"]
[White "Han, Yichen"]
[Black "Wahedi, Ahmad Siar"]
[WhiteFideId "1054430"]
[BlackFideId "4651260"]
[WhiteElo "2342"]
[BlackElo "2439"]
[Result "0-1"]
[Round "03"]
[TimeControl "180+2"]
[Date "2023.02.28"]
[WhiteClock "0:00:04"]
[BlackClock "0:00:35"]

1. d4 d5 2. c4 c6 3. Nf3 Nf6 4. e3 e6 5. Bd3 Nbd7 6. Nbd2 Bd6 7. O-O O-O 8. e4 e5 9. cxd5 cxd5 10. exd5 exd4 11. Ne4 Bb8 12. d6 Nxe4 13. Bxe4 Bxd6 14. Qxd4 Qb6 15. Qd3 h6 16. Be3 Nc5 17. Qc2 Qc7 18. Rac1 Nxe4 19. Qxc7 Bxc7 20. Rxc7 b6 21. Rd1 Be6 22. Nd4 Bxa2 23. b3 Nc5 24. Ra1 Bxb3 25. Rxc5 bxc5 26. Nxb3 c4 27. Nd4 Rfc8 28. Nb5 a5 29. Rc1 a4 30. Nd6 Rc6 31. Nf5 Kf8 32. Nd4 Rcc8 33. Nb5 a3 34. Ra1 a2 35. Nc3 Ra3 36. Bd4 Rb3 37. Nxa2 Ra8 38. g3 Kg8 39. Kg2 Rd3 40. Be5 Rd2 41. Nb4 Rxa1 42. Bxa1 f6 43. Bc3 Rd6 44. Nc2 Kf7 45. Ne3 Rd3 46. Be1 c3 47. Kf3 c2 48. Bd2 Rxd2 49. Kg2 c1=Q 0-1


[Site "https://www.chess.com"]

[Event "Titled Tuesday Blitz February 28 Early 2023"]
[White "Tymrakiewicz, Rafal"]
[Black "Alvarez Calzadilla, Jose Avelino"]
[WhiteFideId "1108832"]
[BlackFideId "3526151"]
[WhiteElo "2151"]
[BlackElo "2310"]
[Result "0-1"]
[Round "03"]
[TimeControl "180+2"]
[Date "2023.02.28"]
[WhiteClock "0:00:11"]
[BlackClock "0:01:17"]

1. e4 e5 2. Nf3 Nc6 3. Bb5 a6 4. Bxc6 dxc6 5. Nc3 f6 6. d4 exd4 7. Qxd4 Qxd4 8. Nxd4 Bd7 9. Be3 O-O-O 10. Rd1 Bb4 11. a3 Bxc3+ 12. bxc3 Ne7 13. O-O c5 14. Ne2 b6 15. Nf4 Ng6 16. Nxg6 hxg6 17. Rd2 Bc6 18. Rxd8+ Rxd8 19. f3 Ba4 20. Rc1 Kb7 21. Kf2 Kc6 22. c4 Kb7 23. Ke2 Be8 24. Rd1 Rxd1 25. Kxd1 Bf7 26. h4 Bxc4 27. g4 Kc6 28. Bd2 Kb5 29. Bc3 Be6 30. Kd2 Kc4 31. Bb2 b5 32. g5 f5 33. Bxg7 fxe4 34. f4 Bf5 35. Be5 c6 36. Bc7 b4 37. axb4 cxb4 38. Be5 a5 39. Ke3 a4 40. Bf6 b3 41. cxb3+ Kxb3 42. Kd4 a3 43. Kc5 e3 0-1


[Site "https://www.chess.com"]

[Event "Titled Tuesday Blitz February 28 Early 2023"]
[White "Sargissyan, Sargis"]
[Black "Fiorito, Joaquin"]
[WhiteFideId "13303210"]
[BlackFideId "180173"]
[WhiteElo "2109"]
[BlackElo "2157"]
[Result "1-0"]
[Round "03"]
[TimeControl "180+2"]
[Date "2023.02.28"]
[WhiteClock "0:00:19"]
[BlackClock "0:00:12"]

1. e4 c6 2. Nc3 d5 3. Nf3 Bg4 4. h3 Bxf3 5. Qxf3 Nf6 6. Be2 e6 7. O-O Nbd7 8. d4 dxe4 9. Nxe4 Nxe4 10. Qxe4 Nf6 11. Qh4 Be7 12. c3 O-O 13. Bd3 c5 14. Bg5 g6 15. Rad1 cxd4 16. Bc2 Nd5 17. Bxe7 Qxe7 18. Qxe7 Nxe7 19. Rxd4 Rfd8 20. Rfd1 Nc6 21. Rd7 Rab8 22. Be4 Rxd7 23. Rxd7 Nd8 24. f4 Kf8 25. Kf1 Ke8 26. Rc7 a5 27. c4 b6 28. Ke2 h5 29. h4 Kf8 30. Ke3 Kg7 31. Kd4 Kf6 32. b3 b5 33. c5 b4 34. c6 e5+ 35. fxe5+ Kg7 36. Bd5 Kf8 37. Rd7 Rc8 38. c7 1-0


[Site "https://www.chess.com"]

[Event "Titled Tuesday Blitz February 28 Early 2023"]
[White "Bochnicka, Vladimir"]
[Black "Mustafayev, Farid"]
[WhiteFideId "14943450"]
[BlackFideId "13408771"]
[WhiteElo "2094"]
[BlackElo "2317"]
[Result "1-0"]
[Round "03"]
[TimeControl "180+2"]
[Date "2023.02.28"]
[WhiteClock "0:00:05"]
[BlackClock "0:00:06"]

1. e4 c5 2. Nf3 a6 3. c4 e6 4. Nc3 d6 5. d4 cxd4 6. Nxd4 Nf6 7. Be3 Be7 8. Be2 b6 9. O-O Bb7 10. Bd3 Nbd7 11. b4 O-O 12. f4 Rc8 13. Rc1 g6 14. Nb3 h5 15. h3 h4 16. Qe1 Nh5 17. Qf2 Ng3 18. Rfd1 Bf6 19. Nd2 b5 20. e5 dxe5 21. Nce4 bxc4 22. Nxf6+ Qxf6 23. Nxc4 exf4 24. Bxf4 e5 25. Bxg3 hxg3 26. Qxf6 Nxf6 27. Nxe5 Rfe8 28. Rxc8 Bxc8 29. Nc6 Nh5 30. Bc4 Nf4 31. Rd8 Kf8 32. Rxe8+ Kxe8 33. Nb8 Bb7 34. Bf1 Ke7 35. Nxa6 Kd6 36. Nc5 Bd5 37. a4 Kc6 38. a5 f5 39. Nd3 Ne6 40. Ne5+ Kd6 41. Nxg6 f4 42. b5 Kc5 43. h4 f3 44. gxf3 Nd4 45. Kg2 Nxf3 46. Kxg3 Nd2 47. Bd3 Nc4 48. Bxc4 Bxc4 49. b6 Bd5 50. h5 Kc6 51. h6 Be4 52. h7 1-0


[Site "https://www.chess.com"]

[Event "Titled Tuesday Blitz February 28 Early 2023"]
[White "Chernov, Mikhail"]
[Black "Ambartsumova, Karina"]
[WhiteFideId "24143170"]
[BlackFideId "4166299"]
[WhiteElo "2113"]
[BlackElo "2319"]
[Result "1/2-1/2"]
[Round "03"]
[TimeControl "180+2"]
[Date "2023.02.28"]
[WhiteClock "0:00:04"]
[BlackClock "0:00:03"]

1. e4 c5 2. Nf3 Nc6 3. d4 cxd4 4. Nxd4 Qb6 5. Nb3 Nf6 6. Nc3 e6 7. Qe2 Bb4 8. Bd2 a5 9. a3 Bxc3 10. Bxc3 e5 11. O-O-O O-O 12. h4 a4 13. Nd2 d5 14. exd5 Nxd5 15. Nc4 Qc5 16. Bd2 Bf5 17. Be3 Nxe3 18. Qxe3 Nd4 19. Bd3 Bxd3 20. Qxd3 Rfd8 21. Kb1 b5 22. Ne3 Qb6 23. c3 Ne6 24. Qe4 Qc7 25. h5 h6 26. Qg4 Ng5 27. Nf5 e4 28. Qe2 Qe5 29. Ne3 Rab8 30. Rxd8+ Rxd8 31. Rd1 Rxd1+ 32. Qxd1 Qf4 33. Qd8+ Kh7 34. Qd2 Ne6 35. Kc2 Nc5 36. Nd5 Qxd2+ 37. Kxd2 Nd3 38. Nc7 Nxb2 39. Nxb5 Nc4+ 40. Ke2 g6 41. f3 exf3+ 42. gxf3 gxh5 43. Kd3 Ne5+ 44. Ke4 Nc4 45. Kd4 Nd2 46. Ke3 Nb3 47. c4 h4 48. Kf4 h5 49. Nd6 Kg6 50. Ne4 Nd4 51. c5 Nc6 52. Ke3 Kf5 53. Nd6+ Ke6 54. Nb5 Kd5 55. Nc3+ Kxc5 56. Nxa4+ Kc4 57. Nb6+ Kb5 58. Nd5 Ka4 59. Nf6 Kxa3 60. Nxh5 Kb4 61. Kf4 Kc4 62. Kg4 Ne5+ 63. Kxh4 Nxf3+ 64. Kg4 Nd4 65. Kg5 Kd5 66. Kf6 Ne6 67. Kxf7 1/2-1/2


[Site "https://www.chess.com"]

[Event "Titled Tuesday Blitz February 28 Early 2023"]
[White "Kim, Sergey"]
[Black "Kovalevsky, Stanislav"]
[WhiteFideId "13700570"]
[BlackFideId "13508598"]
[WhiteElo "2613"]
[BlackElo "2220"]
[Result "1-0"]
[Round "03"]
[TimeControl "180+2"]
[Date "2023.02.28"]
[WhiteClock "0:00:09"]
[BlackClock "0:00:08"]

1. d4 d5 2. c4 Nf6 3. Nc3 c6 4. e3 Nbd7 5. Nf3 a6 6. Bd3 e6 7. O-O Bd6 8. e4 dxe4 9. Nxe4 Nxe4 10. Bxe4 e5 11. Re1 O-O 12. Qc2 h6 13. c5 Bc7 14. d5 cxd5 15. Bxd5 Qe7 16. Bxh6 e4 17. Bxe4 Qxc5 18. Be3 Qxc2 19. Bxc2 Ne5 20. Nxe5 Bxe5 21. Bc5 Bxb2 22. Rab1 Bc3 23. Re3 Bf6 24. Bxf8 Kxf8 25. Be4 Rb8 26. Rd3 b5 27. a4 b4 28. a5 Be6 29. f4 g6 30. h3 Rb5 31. Kh2 Rxa5 32. Rxb4 Ra2 33. Rb7 g5 34. Bd5 Bxd5 35. Rxd5 gxf4 36. Rf5 Be7 37. h4 a5 38. Kh3 Ra3+ 39. Kg4 Rg3+ 40. Kxf4 Rxg2 41. h5 Rf2+ 42. Ke4 Rxf5 43. Kxf5 Bb4 44. h6 Kg8 45. Kg5 Bd2+ 46. Kh5 Kh7 47. Rxf7+ Kg8 48. Kg6 a4 49. Ra7 Kf8 50. Rxa4 Bc3 51. h7 Ke7 52. Ra8 Ke6 53. h8=Q Bd4 54. Qe8+ Kd5 55. Rd8+ Kc4 56. Qe4 Kb5 57. Qxd4 Kc6 58. Rd6+ Kb7 59. Qc5 Kb8 60. Rb6+ Ka8 61. Qa5# 1-0


[Site "https://www.chess.com"]

[Event "Titled Tuesday Blitz February 28 Early 2023"]
[White "Dinu, Dumitru-Daniel"]
[Black "Itgelt, Khuyagtsogt"]
[WhiteFideId "1208403"]
[BlackFideId "4902912"]
[WhiteElo "2240"]
[BlackElo "2227"]
[Result "0-1"]
[Round "03"]
[TimeControl "180+2"]
[Date "2023.02.28"]
[WhiteClock "0:01:07"]
[BlackClock "0:00:07"]

1. e4 e5 2. Nf3 Nc6 3. Bb5 a6 4. Ba4 Nf6 5. d3 b5 6. Bb3 Be7 7. O-O O-O 8. c3 d6 9. Re1 Na5 10. Bc2 c5 11. Nbd2 Nc6 12. Nf1 Re8 13. Ng3 g6 14. h3 Bf8 15. Bg5 h6 16. Bxf6 Qxf6 17. Nh2 h5 18. Qf3 Qg5 19. Bb3 Ra7 20. Bd5 Nd8 21. a4 b4 22. cxb4 cxb4 23. Qe3 Qxe3 24. fxe3 Ne6 25. Rac1 Nc5 26. Red1 Bh6 27. Nhf1 h4 28. Ne2 Nxa4 29. Bc6 Bd7 30. Bxa4 Bxa4 31. Rd2 Bb5 32. Kf2 a5 33. Ra1 a4 34. Nh2 Rc7 35. Nf3 Rec8 36. Ne1 f5 37. exf5 gxf5 38. Ng1 d5 39. Ngf3 d4 40. Re2 dxe3+ 41. Kg1 e4 42. Nxh4 exd3 43. Nxf5 dxe2 44. Nxh6+ Kh7 45. Nf5 Rc1 46. Rxc1 Rxc1 47. Nxe3 Rxe1+ 48. Kh2 Rf1 49. Nc2 Bd3 50. Nxb4 Be4 51. b3 axb3 0-1


[Site "https://www.chess.com"]